 Dungeon Crawl Stone Soup version 0.26-a0-58-g79b31b8 (webtiles) character file.

Game seed: 7165092274724125764

52605 thirtiethelement the Blocker (level 14, 0/113 HPs)
             Began as a Gnoll Fighter on June 9, 2020.
             Was the Champion of Cheibriados.
             Slain by Pooter's ghost (22 damage)
             ... on level 6 of the Lair of Beasts.
             The game lasted 00:43:37 (20245 turns).

thirtiethelement the Blocker (Gnoll Fighter)       Turns: 20245, Time: 00:43:37

Health: 0/113      AC: 22    Str: 41    XL:     14   Next: 64%
Magic:  0/9        EV: 19    Int: 31    God:    Cheibriados [******]
Gold:   763        SH:  9    Dex: 32    Spells: 22/31 levels left

rFire    . . .     SeeInvis +   L - +8 morningstar of Xanisap {antimagic, Str+2 Int+6 Dex+2}
rCold    + . .     Gourm    .   t - +0 buckler
rNeg     . . .     Faith    .   E - +2 plate armour {rC+}
rPois    +         Spirit   +   F - +1 helmet
rElec    .         Reflect  .   M - +0 cloak
rCorr    .         Harm     .   (no gloves)
MR       +....                  X - +0 pair of boots
Stlth    +.........             o - amulet of guardian spirit
HPRegen  0.28/turn              G - ring of poison resistance
MPRegen  0.11/turn              V - ring of see invisible

@: very slow
A: distributed training, fangs 1, strong nose
a: Bend Time, Temporal Distortion, Slouch, Step From Time, Renounce Religion


You were on level 6 of the Lair of Beasts.
You worshipped Cheibriados.
Cheibriados was exalted by your worship.
You were not hungry.

You visited 3 branches of the dungeon, and saw 18 of its levels.

You collected 1065 gold pieces.
You spent 302 gold pieces at shops.

Inventory:

Hand Weapons
 a - a +1 war axe
 m - the +10 zealot's sword {holy, *Rage rN+ EV+3}
   (You found it on level 11 of the Dungeon)

   It has been blessed by the Shining One to cause great damage to the undead
   and demons.
   It affects your evasion (+3).
   It protects you from negative energy.
   It may make you go berserk in combat.
 z - a +1 war axe of venom
 H - a +0 war axe of freezing
 L - the +8 morningstar of Xanisap (weapon) {antimagic, Str+2 Int+6 Dex+2}
   (You took it off an orc on level 11 of the Dungeon)

   It reduces the magical energy of the wielder, and disrupts the spells and
   magical abilities of those hit.
   Natural abilities and divine invocations are not affected.
   It affects your strength (+2).
   It affects your intelligence (+6).
   It affects your dexterity (+2).
 W - the +7 dagger of Conscience {speed, rN+ Int+4 Dex+4 SInv, unknown}
   (You found it on level 5 of the Lair of Beasts)

   Attacks with this weapon are significantly faster.
   It affects your intelligence (+4).
   It affects your dexterity (+4).
   It protects you from negative energy.
   It lets you see invisible.
   Cheibriados disapproves of the use of such an item.
Missiles
 x - 5 boomerangs (quivered)
Armour
 b - a +0 scale mail
 c - a +0 kite shield
 r - a +3 leather armour of poison resistance
 t - a +0 buckler (worn)
 E - a +2 plate armour of cold resistance (worn)
 F - a +1 helmet (worn)
 M - a +0 cloak (worn)
 X - a +0 pair of boots (worn)
Jewellery
 o - an amulet of guardian spirit (around neck)
 v - an uncursed amulet of reflection
 G - a ring of poison resistance (left hand)
 I - an uncursed ring of stealth
 N - a +6 ring of strength
 R - a cursed -4 ring of slaying {unknown}
 V - a ring of see invisible (right hand)
Wands
 e - a wand of enslavement (1)
 q - a wand of iceblast (13)
 C - a wand of disintegration (8)
 K - a wand of flame (2)
 T - a wand of clouds (4)
Scrolls
 i - 2 scrolls of summoning
 j - 9 scrolls of teleportation
 n - 5 scrolls of enchant weapon
 s - 5 scrolls of remove curse
 w - a scroll of torment
 y - 5 scrolls of fog
 J - 3 scrolls of fear
 O - 2 scrolls of amnesia
 Q - a scroll of vulnerability
 S - a scroll of magic mapping
 U - a scroll of enchant armour
Potions
 d - 5 potions of might
 h - 4 potions of resistance
 k - 2 potions of stabbing
 l - 9 potions of curing
 p - 2 potions of cancellation
 u - 2 potions of flight
 A - 2 potions of mutation
 B - a potion of lignification
 D - a potion of ambrosia
Comestibles
 f - 26 rations


   Skills:
 + Level 11.2 Fighting
 + Level 9.2 Short Blades
 + Level 9.2 Long Blades
 + Level 10.3 Axes
 + Level 9.2 Maces & Flails
 + Level 9.2 Polearms
 + Level 9.2 Staves
 + Level 9.2 Slings
 + Level 9.2 Bows
 + Level 9.2 Crossbows
 + Level 9.2 Throwing
 + Level 11.2 Armour
 + Level 9.2 Dodging
 + Level 9.2 Stealth
 + Level 11.2 Shields
 + Level 9.2 Unarmed Combat
 + Level 9.2 Spellcasting
 + Level 7.7 Conjurations
 + Level 7.7 Hexes
 + Level 7.7 Charms
 + Level 7.7 Summonings
 + Level 7.7 Necromancy
 + Level 7.7 Translocations
 + Level 7.7 Transmutations
 + Level 7.7 Fire Magic
 + Level 7.7 Ice Magic
 + Level 7.7 Air Magic
 + Level 7.7 Earth Magic
 + Level 7.7 Poison Magic
 + Level 10.0 Invocations
 + Level 9.2 Evocations


You had 22 spell levels left.
You knew the following spells:

 Your Spells              Type           Power        Failure   Level  Hunger
a - Spectral Weapon       Hex/Chrm       ######..     1%          3    None
b - Petrify               Tmut/Erth      ######..     6%          4    None
c - Searing Ray           Conj           ######       1%          2    None

Your spell library contained the following spells:

 Spells                   Type           Power        Failure   Level  Hunger
 Infusion                 Chrm           ####         1%          1    None
 Magic Dart               Conj           ####         1%          1    None
 Blink                    Tloc           N/A          1%          2    None
 Call Imp                 Summ           ######..     1%          2    None
 Shroud of Golubria       Chrm/Tloc      ######       1%          2    None
 Slow                     Hex            ######..     1%          2    None
 Song of Slaying          Chrm           ######..     1%          2    None
 Confusing Touch          Hex            ######..     1%          3    None
 Conjure Flame            Conj/Fire      ######..     1%          3    None
 Dazzling Flash           Conj/Hex       ######       1%          3    None
 Gell's Gravitas          Tloc           ######....   1%          3    None
 Mephitic Cloud           Conj/Pois/Air  ######..     1%          3    None
 Ozocubu's Armour         Chrm/Ice       ######..     1%          3    None
 Fulminant Prism          Conj/Hex       ######....   6%          4    None
 Iskenderun's Mystic Bla  Conj/Tloc      ######..     6%          4    None
 Bolt of Magma            Conj/Fire/Erth ######....   17%         5    ###....
 Iskenderun's Battlesphe  Conj/Chrm      ######..     17%         5    ###....
 Metabolic Englaciation   Hex/Ice        ######....   17%         5    ###....
 Yara's Violent Unravell  Hex/Tmut       ######....   17%         5    ###....
 Iron Shot                Conj/Erth      ######....   67%         6    #####..
 Orb of Destruction       Conj           ######....   99%         7    ######.
 Spellforged Servitor     Conj/Summ      ######....   99%         7    ######.


Dungeon Overview and Level Annotations

Branches:
Dungeon (11/15)            Temple (1/1) D:6            Lair (6/6) D:8
 Shoals (0/4) Lair:4       Spider (0/4) Lair:4        Slime (0/5) Lair:6
    Orc (0/2) D:10

Altars:
Ashenzari
Cheibriados
Dithmenos
Elyvilon
Fedhas
Gozag
Hepliaklqana
Kikubaaqudgha
Makhleb
Nemelex Xobeh
Okawaru
Qazlal
Ru
Sif Muna
Trog
Uskayaw
Vehumet
Wu Jian
Xom
Yredelemnul
Zin
The Shining One
Jiyva

Shops:
D:4 (*===   D:9 **%   D:10 %

Annotations:
Lair:6 Pooter's ghost, journeyman TrFi


Innate Abilities, Weirdness & Mutations

Your experience applies equally to all skills.
You have very sharp teeth.
Your uncanny sense of smell can sniff out nearby items.


Message History

Evoke which item? (* to show all) (? for menu, Esc to quit)
Aiming: Cloud Cone
Press: ? - help, Dir - move target cursor, f - minotaur, p - Pooter's ghost
Aim: a minotaur, wearing a +0 chain mail and quivering 13 silver javelins (lightly wounded)
You create a blast of flame!
Pooter's ghost is engulfed in blazing flames.
Pooter's ghost hits you!
* * * LOW HITPOINT WARNING * * *
The minotaur is engulfed in blazing flames.
The minotaur hits you but does no damage.
The minotaur gores you!
* * * LOW HITPOINT WARNING * * *
Pooter's ghost is engulfed in blazing flames.
The minotaur is engulfed in blazing flames.
The minotaur throws a silver javelin.
The silver javelin barely misses you.
Pooter's ghost says, "I break bones and crack skulls... with my bare hands."
Pooter's ghost misses you.
The minotaur is engulfed in blazing flames.
Pooter's ghost hits you!!
You die...

##....................##
##......................#
#.......................#
#............##...#.P..##
#..............###.##..##
#.................###...#
##....#########...##....#
#....#.#..#..#...###...#
##....#..#.##.#@%(###...#
##.....##$.....'W...#P...#
#......#F[.#...§H.(##...##
.......##$...#§§§.%##...##
.......#..####§#...#.#...#
.......#.#..§§.#...P..<.##
.......#########...%P....##
..........................#
....................P...###


You could see a minotaur and Pooter's ghost.

Vanquished Creatures
  2 entropy weavers (Lair:6)
  A fire dragon (Lair:6)
  Harold (D:8)
  Josephine (D:11)
  5 hydras
  4 death yaks (Lair:4)
  A queen ant (Lair:6)
  A two-headed ogre (D:10)
  Sonja (Lair:2)
  An unseen horror (D:11)
  Pikel (D:7)
  2 lindwurms
  A cyclops (D:11)
  An ugly thing (D:11)
  A wolf spider zombie (D:10)
  An oklob plant (Lair:3)
  4 elephants (Lair:6)
  A merfolk siren (Lair:4)
  3 molten gargoyles (Lair:6)
  Maggie (D:7)
  A kobold demonologist (D:8)
  13 spiny frogs
  A rime drake (Lair:4)
  10 komodo dragons
  A troll (D:10)
  2 polar bears (Lair:3)
  A hornet (D:9)
  11 blink frogs
  11 hippogriffs
  12 dream sheep
  6 wraiths (D:11)
  A wyvern (Lair:6)
  38 yaks
  Eustachio (D:4)
  8 basilisks
  2 steam dragons
  A hungry ghost (D:10)
  24 soldier ants (Lair:6)
  6 water moccasins
  4 hell hounds (Lair:6)
  7 porcupines
  10 orc warriors
  7 ogres
  2 phantoms
  2 sky beasts
  A black bear (D:10)
  A necrophage (D:5)
  8 wolves (Lair:3)
  11 centaurs
  12 crocodiles
  8 bullfrogs
  9 big kobolds
  4 gnoll sergeants
  A water moccasin zombie (D:8)
  A scorpion (D:8)
  5 howler monkeys (D:9)
  2 electric eels (D:6)
  3 crimson imps
  A bullfrog zombie (D:5)
  5 lava snakes (Lair:6)
  5 hounds
  A centaur zombie (D:8)
  2 jellies
  4 orc priests (D:6)
  2 bullfrog skeletons
  6 orc wizards
  3 iguanas
  A centaur skeleton (D:10)
  21 worker ants
  3 worker ant zombies
  14 adders
  8 gnolls
  A shadow imp (D:7)
  An ooze (D:2)
  An adder zombie (D:5)
  An adder skeleton (D:7)
  A worm (D:2)
  2 dart slugs (D:1)
  5 leopard geckos
  37 orcs
  5 ball pythons
  8 giant cockroaches
  8 goblins
  5 hobgoblins
  7 jackals
  22 kobolds
  6 quokkas
  6 bats
  8 frilled lizards
  A quokka skeleton (D:7)
  4 rats
  A plant (D:8)
488 creatures vanquished.

Vanquished Creatures (collateral kills)
  A hydra (D:11)
  An orc wizard (D:11)
2 creatures vanquished.

Vanquished Creatures (others)
  A phantom (D:7)
  A slave (D:7)
  A scorpion (D:7)
  An adder (D:6)
  10 fungi (Lair:6)
14 creatures vanquished.

Grand Total: 504 creatures vanquished

Notes
Turn   | Place    | Note
-------+----------+-------------------------------------------
     0 | D:1      | thirtiethelement the Gnoll Fighter began the quest for the
                  | Orb.
     0 | D:1      | Reached XP level 1. HP: 23/23 MP: 1/1
   268 | D:1      | Reached XP level 2. HP: 26/29 MP: 2/2
   725 | D:1      | Reached XP level 3. HP: 34/35 MP: 3/3
   991 | D:2      | Reached skill level 1 in Invocations
  1212 | D:2      | Reached skill level 1 in Short Blades
  1212 | D:2      | Reached skill level 1 in Long Blades
  1212 | D:2      | Reached skill level 1 in Maces & Flails
  1212 | D:2      | Reached skill level 1 in Polearms
  1212 | D:2      | Reached skill level 1 in Staves
  1212 | D:2      | Reached skill level 1 in Slings
  1212 | D:2      | Reached skill level 1 in Bows
  1212 | D:2      | Reached skill level 1 in Crossbows
  1212 | D:2      | Reached skill level 1 in Throwing
  1212 | D:2      | Reached skill level 1 in Dodging
  1212 | D:2      | Reached skill level 1 in Stealth
  1212 | D:2      | Reached skill level 1 in Unarmed Combat
  1212 | D:2      | Reached skill level 1 in Spellcasting
  1212 | D:2      | Reached skill level 1 in Evocations
  1216 | D:2      | Reached XP level 4. HP: 36/41 MP: 5/5
  1748 | D:2      | Found a snail-covered altar of Cheibriados.
  1751 | D:2      | Found an iron altar of Okawaru.
  1755 | D:2      | Became a worshipper of Cheibriados the Contemplative
  1761 | D:2      | Found an ancient bone altar of Kikubaaqudgha.
  1846 | D:3      | Reached skill level 1 in Conjurations
  1846 | D:3      | Reached skill level 1 in Hexes
  1846 | D:3      | Reached skill level 1 in Charms
  1846 | D:3      | Reached skill level 1 in Summonings
  1846 | D:3      | Reached skill level 1 in Necromancy
  1846 | D:3      | Reached skill level 1 in Translocations
  1846 | D:3      | Reached skill level 1 in Transmutations
  1846 | D:3      | Reached skill level 1 in Fire Magic
  1846 | D:3      | Reached skill level 1 in Ice Magic
  1846 | D:3      | Reached skill level 1 in Air Magic
  1846 | D:3      | Reached skill level 1 in Earth Magic
  1846 | D:3      | Reached skill level 1 in Poison Magic
  2241 | D:3      | Reached * piety under Cheibriados
  2241 | D:3      | Reached XP level 5. HP: 47/47 MP: 6/6
  2516 | D:3      | Found a bloodstained altar of Trog.
  2608 | D:4      | Found Piwkuck's General Store.
  2611 | D:4      | Bought a scroll of summoning for 114 gold pieces
  2782 | D:4      | Found Pyesmobo's Jewellery Boutique.
  2995 | D:4      | Found Ponuwill's Weapon Shoppe.
  3037 | D:4      | Noticed Eustachio
  3039 | D:4      | Found Cazuerhi's Jewellery Shoppe.
  3057 | D:4      | Killed Eustachio
  3057 | D:4      | Reached XP level 6. HP: 46/53 MP: 8/8
  3231 | D:4      | Found Ufihuses's Jewellery Emporium.
  3320 | D:4      | Reached skill level 5 in Axes
  3527 | D:5      | Entered Level 5 of the Dungeon
  3552 | D:5      | Noticed a necrophage
  3556 | D:5      | Reached XP level 7. HP: 48/59 MP: 8/10
  3584 | D:5      | Reached ** piety under Cheibriados
  3682 | D:5      | Found a glowing silver altar of Zin.
  4090 | D:5      | Found a burning altar of Makhleb.
  4100 | D:5      | Reached XP level 8. HP: 67/67 MP: 12/12
  4325 | D:5      | Found a hide-covered altar of Uskayaw.
  5319 | D:6      | Found a shadowy altar of Dithmenos.
  5506 | D:6      | Reached *** piety under Cheibriados
  5514 | D:6      | Reached XP level 9. HP: 33/72 MP: 3/14
  5784 | D:6      | Found a staircase to the Ecumenical Temple.
  5951 | Temple   | Entered the Ecumenical Temple
  6317 | D:7      | Noticed Pikel
  6327 | D:7      | Killed Pikel
  6433 | D:7      | Noticed Maggie
  6460 | D:7      | Killed Maggie
  7328 | D:8      | Reached skill level 5 in Invocations
  7510 | D:8      | Reached **** piety under Cheibriados
  7512 | D:8      | Noticed a kobold demonologist
  7513 | D:8      | Reached XP level 10. HP: 80/80 MP: 14/17
  7520 | D:8      | Killed a kobold demonologist
  7785 | D:8      | Reached skill level 5 in Short Blades
  7785 | D:8      | Reached skill level 5 in Long Blades
  7785 | D:8      | Reached skill level 5 in Maces & Flails
  7785 | D:8      | Reached skill level 5 in Polearms
  7785 | D:8      | Reached skill level 5 in Staves
  7785 | D:8      | Reached skill level 5 in Slings
  7785 | D:8      | Reached skill level 5 in Bows
  7785 | D:8      | Reached skill level 5 in Crossbows
  7785 | D:8      | Reached skill level 5 in Throwing
  7785 | D:8      | Reached skill level 5 in Dodging
  7785 | D:8      | Reached skill level 5 in Stealth
  7785 | D:8      | Reached skill level 5 in Unarmed Combat
  7785 | D:8      | Reached skill level 5 in Spellcasting
  7785 | D:8      | Reached skill level 5 in Evocations
  7978 | D:8      | Noticed Harold
  7983 | D:8      | Killed Harold
  7999 | D:8      | Found a staircase to the Lair.
  8452 | D:9      | Learned a level 3 spell: Spectral Weapon
  8457 | D:9      | Learned a level 4 spell: Petrify
  8683 | D:9      | Found Rigom's Food Emporium.
  8711 | D:9      | Reached ***** piety under Cheibriados
  8733 | D:9      | Found Zuasokk's Assorted Antiques.
  8976 | D:9      | Found Vuzxosym's General Store.
  8984 | D:9      | Bought a scroll of torment for 97 gold pieces
  8984 | D:9      | Bought a potion of berserk rage for 65 gold pieces
  8984 | D:9      | Bought a cursed amulet of inaccuracy for 26 gold pieces
  9072 | D:10     | Entered Level 10 of the Dungeon
  9122 | D:10     | Noticed a two-headed ogre
  9125 | D:10     | Killed a two-headed ogre
  9125 | D:10     | Reached XP level 11. HP: 70/87 MP: 15/19
  9249 | D:10     | Found Xidoptipt's Food Emporium.
  9355 | D:10     | Identified the +2 robe "Foseffip" {MR+} (You found it on
                  | level 10 of the Dungeon)
  9359 | D:10     | Learned a level 2 spell: Searing Ray
  9767 | D:10     | Found a staircase to the Orcish Mines.
  9770 | D:10     | Reached skill level 5 in Conjurations
  9770 | D:10     | Reached skill level 5 in Hexes
  9770 | D:10     | Reached skill level 5 in Charms
  9770 | D:10     | Reached skill level 5 in Summonings
  9770 | D:10     | Reached skill level 5 in Necromancy
  9770 | D:10     | Reached skill level 5 in Translocations
  9770 | D:10     | Reached skill level 5 in Transmutations
  9770 | D:10     | Reached skill level 5 in Fire Magic
  9770 | D:10     | Reached skill level 5 in Ice Magic
  9770 | D:10     | Reached skill level 5 in Air Magic
  9770 | D:10     | Reached skill level 5 in Earth Magic
  9770 | D:10     | Reached skill level 5 in Poison Magic
 10225 | D:11     | Noticed an eight-headed hydra
 10595 | D:11     | Noticed a cyan ugly thing
 10599 | D:11     | Killed a cyan ugly thing
 10903 | D:11     | Noticed a cyclops
 10912 | D:11     | Identified the +8 morningstar of Xanisap {antimagic, Str+2
                  | Int+6 Dex+2}
 10914 | D:11     | Killed a cyclops
 11183 | D:11     | Found the +10 zealot's sword {holy, *Rage rN+ EV+3}
 11194 | D:11     | Noticed Josephine
 11212 | D:11     | Killed Josephine
 11213 | D:11     | Reached XP level 12. HP: 78/96 MP: 6/22
 11931 | Lair:1   | Entered Level 1 of the Lair of Beasts
 12535 | Lair:1   | Noticed a five-headed hydra
 12539 | Lair:1   | Killed a five-headed hydra
 12837 | Lair:2   | Noticed a five-headed hydra
 12845 | Lair:2   | Killed a five-headed hydra
 12925 | Lair:2   | Noticed Sonja
 12932 | Lair:2   | Killed Sonja
 13213 | Lair:2   | Reached ****** piety under Cheibriados
 13670 | Lair:3   | Reached skill level 10 in Fighting
 13670 | Lair:3   | Reached skill level 10 in Armour
 13670 | Lair:3   | Reached skill level 10 in Shields
 14025 | Lair:3   | Reached XP level 13. HP: 88/103 MP: 5/24
 16226 | Lair:4   | Found a hole to the Spider Nest.
 16337 | Lair:4   | Found a staircase to the Shoals.
 16712 | Lair:5   | Got a warped dagger
 17179 | Lair:6   | Entered Level 6 of the Lair of Beasts
 17179 | Lair:6   | Found a runed translucent gate.
 17180 | Lair:6   | Found a runed translucent gate.
 17180 | Lair:6   | Found a runed translucent gate.
 17181 | Lair:6   | Noticed a minotaur
 17182 | Lair:6   | Noticed Pooter's ghost (journeyman TrFi)
 17227 | Lair:6   | Found a staircase to the Slime Pits.
 17228 | Lair:6   | Found a viscous altar of Jiyva.
 17415 | Lair:6   | Reached XP level 14. HP: 98/111 MP: 8/26
 18015 | Lair:6   | Reached skill level 10 in Axes
 18077 | Lair:6   | Noticed an entropy weaver
 18091 | Lair:6   | Killed an entropy weaver
 18445 | Lair:6   | Noticed an entropy weaver
 18461 | Lair:6   | Killed an entropy weaver
 19423 | Lair:6   | Reached skill level 10 in Invocations
 19471 | Lair:6   | Found a large runed translucent door.
 19471 | Lair:6   | Found a large runed translucent door.
 20245 | Lair:6   | Slain by Pooter's ghost

Illustrated notes

Levels and vault maps discovered:
D:1:      tarquinn_simple_flora_water_c, layout_loops_corners, minmay_unequal
D:2:      layout_rooms, grunt_temple_overflow_diamond, minmay_crystal_water
D:3:      layout_basic, lemuel_coloured_pillars_altar
D:4:      minmay_wonky_spiral, layout_loops_ring, serial_shops,
          nicolae_shop_trees, nicolae_shop_behind_doors, nicolae_shop_crystal,
          shop, shop, feat_on_display, uniq_eustachio
D:5:      layout_loops_ring, makhleb_heckhound_becter, marbit_many_paths,
          kennysheep_mini_moat, first_ration, st_stairs_6
D:6:      layout_basic, grunt_dithmenos_smoke_and_mirrors, temple_doors_e,
          minivault_25, lightli_minifort
D:7:      layout_gridville, serial_rivers, chequers_serial_rivers_small_b,
          chequers_serial_rivers_room_a, chequers_serial_rivers_small_b,
          chequers_serial_rivers_large_a, grunt_ministairs_14, uniq_pikel,
          uniq_maggie
D:8:      layout_gridville, david_lair_shrubbed, special_room
          [special_room_kobold], uniq_harold
D:9:      layout_basic, serial_shops, nicolae_shop_behind_doors, shop,
          nicolae_shop_overgrown_old_shop
D:10:     layout_basic, kennysheep_orc_monster_closet_entryway, serial_shops,
          shop, minivault_1
D:11:     layout_basic, uniq_josephine
Temple:   eino_temple_lava
Lair:1:   layout_chaotic_city
Lair:2:   layout_regular_city, uniq_sonja
Lair:3:   layout_gridlike, grunt_megastairs_1, serial_bayou_shore_b
Lair:4:   beast_lair_carwin_large_3, layout_loops_ring,
          minmay_shoals_entry_lonely_mermaid, spider_nest_entry_webs,
          st_stairs_5, grunt_megastairs_5
Lair:5:   layout_hall_layers, minivault_26, st_stairs_11
Lair:6:   cheibrodos_lair_end_hotspot, layout_regular_city, slime_altar_1,
          maelrawn_ghost_gauntlet_escape, minivault_29

Skill      XL: |  1  2  3  4  5  6  7  8  9 10 11 12 13 14 |
---------------+-------------------------------------------+-----
Invocations    | 1 2 3 4 5 6 7 8 9 10 | 10.0
Short Blades   | 1 2 3 4 5 6 7 8 9 |  9.2
Long Blades    | 1 2 3 4 5 6 7 8 9 |  9.2
Maces & Flails | 1 2 3 4 5 6 7 8 9 |  9.2
Polearms       | 1 2 3 4 5 6 7 8 9 |  9.2
Staves         | 1 2 3 4 5 6 7 8 9 |  9.2
Slings         | 1 2 3 4 5 6 7 8 9 |  9.2
Bows           | 1 2 3 4 5 6 7 8 9 |  9.2
Crossbows      | 1 2 3 4 5 6 7 8 9 |  9.2
Throwing       | 1 2 3 4 5 6 7 8 9 |  9.2
Dodging        | 1 2 3 4 5 6 7 8 9 |  9.2
Stealth        | 1 2 3 4 5 6 7 8 9 |  9.2
Unarmed Combat | 1 2 3 4 5 6 7 8 9 |  9.2
Spellcasting   | 1 2 3 4 5 6 7 8 9 |  9.2
Evocations     | 1 2 3 4 5 6 7 8 9 |  9.2
Conjurations   | 1 2 3 4 5 6 7 |  7.7
Hexes          | 1 2 3 4 5 6 7 |  7.7
Charms         | 1 2 3 4 5 6 7 |  7.7
Summonings     | 1 2 3 4 5 6 7 |  7.7
Necromancy     | 1 2 3 4 5 6 7 |  7.7
Translocations | 1 2 3 4 5 6 7 |  7.7
Transmutations | 1 2 3 4 5 6 7 |  7.7
Fire Magic     | 1 2 3 4 5 6 7 |  7.7
Ice Magic      | 1 2 3 4 5 6 7 |  7.7
Air Magic      | 1 2 3 4 5 6 7 |  7.7
Earth Magic    | 1 2 3 4 5 6 7 |  7.7
Poison Magic   | 1 2 3 4 5 6 7 |  7.7
Axes           | 5 6 7 8 9 10 | 10.3
Fighting       | 7 8 9 10 11 | 11.2
Armour         | 7 8 9 10 11 | 11.2
Shields        | 7 8 9 10 11 | 11.2

Action                   |  1- 3 |  4- 6 |  7- 9 | 10-12 | 13-15 || total
-------------------------+-------+-------+-------+-------+-------++-------
Melee: War axe           |    74 |   149 |   210 |   229 |       ||   662
       Bite              |     5 |    15 |    50 |    88 |   122 ||   280
       Eudemon blade     |       |       |       |    17 |       ||    17
       Morningstar       |       |       |       |   176 |   504 ||   680
Throw: Boomerang         |       |       |     3 |       |    84 ||    87
Invok: Slouch            |       |       |       |     2 |     3 ||     5
Evoke: Wand              |       |       |     9 |    13 |     5 ||    27
  Use: Scroll            |       |     5 |     9 |    12 |     5 ||    31
       Potion            |       |       |     1 |     1 |     3 ||     5
 Stab: Sleeping          |       |       |     6 |     3 |     1 ||    10
       Distracted        |       |       |       |     2 |       ||     2
  Eat: Chunk             |     1 |     6 |     5 |    13 |     4 ||    29
       Ration            |       |       |       |       |     2 ||     2
Armor: Scale mail        |    35 |    39 |       |    21 |       ||    95
       Leather armour    |       |     9 |    37 |    10 |       ||    56
       Plate armour      |       |       |       |   177 |   258 ||   435
Dodge: Dodged            |    19 |    39 |   115 |   305 |   468 ||   946
Block: Kite shield       |    46 |    83 |    29 |       |       ||   158
       Buckler           |       |       |    35 |   238 |   316 ||   589

Table legend:
 A = Non-vault XP
 B = Vault XP
 C = Vault XP percentage of total XP
 D = Non-vault monster count
 E = Vault monster count
 F = Vault count percentage of total count
                 A         B        C        D         E       F
            +---------+---------+-------+---------+---------+-------
      Total |   40813 |   34337 |  45.7 |     323 |     166 |  33.9
            +---------+---------+-------+---------+---------+-------
        D:1 |      25 |      10 |  28.6 |      15 |       4 |  21.1
        D:2 |      81 |       0 |   0.0 |      28 |       0 |   0.0
        D:3 |      56 |       0 |   0.0 |      18 |       0 |   0.0
        D:4 |     130 |     241 |  65.0 |       5 |       4 |  44.4
        D:5 |     731 |     128 |  14.9 |      27 |       3 |  10.0
        D:6 |     827 |     146 |  15.0 |      20 |       4 |  16.7
        D:7 |     676 |    1066 |  61.2 |      12 |       3 |  20.0
        D:8 |     685 |    2358 |  77.5 |      14 |      13 |  48.1
        D:9 |    1532 |       0 |   0.0 |      22 |       0 |   0.0
       D:10 |    2478 |    1349 |  35.2 |      16 |      20 |  55.6
       D:11 |    5034 |    2080 |  29.2 |      40 |       6 |  13.0
     Lair:1 |    2532 |       0 |   0.0 |       7 |       0 |   0.0
     Lair:2 |    3560 |     814 |  18.6 |      12 |       1 |   7.7
     Lair:3 |    6653 |    1813 |  21.4 |      27 |      13 |  32.5
     Lair:4 |    4621 |    6112 |  56.9 |      20 |      16 |  44.4
     Lair:5 |    3882 |     493 |  11.3 |      12 |       3 |  20.0
     Lair:6 |    7310 |   17727 |  70.8 |      28 |      76 |  73.1
            +---------+---------+-------+---------+---------+-------
